 Dungeon Crawl Stone Soup version 0.25-a0-185-g6cfeca75b2 (webtiles) character file.

Game seed: 16512690075198521389, levelgen mode: deterministic

241 MisterFreud the Ducker (level 5, 0/25 HPs)
             Began as a Felid Artificer on Nov 27, 2019.
             Slain by Terence
             ... wielding a cursed -1 mace
              (7 damage)
             ... on level 3 of the Dungeon.
             The game lasted 00:09:13 (4571 turns).

MisterFreud the Ducker (Felid Artificer)            Turns: 4571, Time: 00:09:13

Health: 0/25       AC:  2    Str:  8    XL:     5   Next: 80%
Magic:  8/8        EV: 21    Int: 14    God:
Gold:   119        SH:  0    Dex: 17    Spells: 4/4 levels left
                                        Lives:  0   Deaths: 1

rFire    . . .     SeeInvis +     - Unarmed
rCold    . . .     Gourm    .   (shield unavailable)
rNeg     . . .     Faith    .   (armour unavailable)
rPois    .         Spirit   .   (helmet unavailable)
rElec    .         Reflect  .   (cloak unavailable)
rCorr    .         Harm     .   (gloves unavailable)
MR       +....                  (boots unavailable)
Stlth    +++.......             (no amulet)
HPRegen  0.08/turn              e - ring of protection from magic
MPRegen  0.11/turn              (no ring)

@: quick
A: very small, no armour, no weapons or thrown items, stealth, claws 1, fangs 3,
see invisible, carnivore, speed 1, shaggy fur 2, slow metabolism 1, sharp paws
a: no special abilities


You were on level 3 of the Dungeon.
You were not hungry.

You visited 1 branch of the dungeon, and saw 3 of its levels.

You collected 119 gold pieces.

Inventory:

Jewellery
 e - a ring of protection from magic (left paw)
Wands
 a - a wand of flame (25)
 b - a wand of enslavement (9)
 c - a wand of random effects (8)
 i - a wand of iceblast (4)
Scrolls
 g - a scroll of remove curse
Potions
 f - 2 potions of brilliance
 h - a potion of haste
 n - a potion of curing
Comestibles
 d - 4 rations


   Skills:
 - Level 4.0 Fighting
 + Level 5.5 Dodging
 - Level 4.1 Stealth
 - Level 3.0 Unarmed Combat
 - Level 3.2 Evocations


You had 4 spell levels left.
You didn't know any spells.
Your spell library was empty.

Dungeon Overview and Level Annotations

Branches:
Dungeon (3/15)

Altars:

Annotations:
D:3 Terence


Innate Abilities, Weirdness & Mutations

You cannot wear armour.
You are incapable of wielding weapons or throwing items.
Your paws allow you to move quietly. (Stealth)
You have sharp claws.
You have razor-sharp teeth.
You have supernaturally acute eyesight. (SInv)
You are carnivorous and can eat meat at any time.
You cover ground quickly.
You are covered in thick fur. (AC +2)
You have a slow metabolism.
Your sharp claws are effective at attacking unaware monsters.


Message History

The orc is severely wounded.
The orc completely misses you.
You closely miss the orc. You bite the orc.
You kill the orc!
Terence hits you with a cursed -1 mace!
* * * LOW HITPOINT WARNING * * *
Items here: ! )) [ †† Evoke which item? (* to show all) (? for menu, Esc to quit)
Aiming: Iceblast
Press: ? - help, Shift-Dir - straight line, f - Terence
Aim: Terence, wielding a -1 mace and wearing a +0 scale mail The mass of ice explodes!
The iceblast engulfs Terence!
Terence is almost dead.
You scratch Terence but do no damage.
Terence is almost dead.
Terence completely misses you.
You barely miss Terence. You bite Terence, but do no damage.
Terence is almost dead.
Terence hits you with a cursed -1 mace!
You die...

........>.#.#.#
.#.######.#.#.#
......)<#.#.#.#
.##)#####.#.#.#
..........#.#.#
.#..).......#.#
.#..........#.#
.##.........#.######
.##............@@..#
.##........#######.#
.##.......[# #.#
.##........# #.##
.#.........# #..#
.#.........# ##.##
.#.....[...# #..#
.#.........# ##.#
...........# #.##


You could see Terence.

Vanquished Creatures
  Sigmund (D:3)
  A scorpion (D:3)
  Ijyb (D:3)
  An iguana (D:3)
  Robin (D:2)
  4 adders
  A gnoll (D:3)
  An ooze (D:2)
  A worm (D:2)
  A dart slug (D:1)
  A leopard gecko (D:3)
  3 orcs (D:3)
  4 giant cockroaches
  13 goblins
  12 hobgoblins
  2 quokkas (D:2)
  6 bats
  5 frilled lizards
  7 kobolds
  9 rats
75 creatures vanquished.

Vanquished Creatures (collateral kills)
  2 gnolls (D:3)
  A goblin (D:2)
  A hobgoblin (D:2)
4 creatures vanquished.

Vanquished Creatures (others)
  A gnoll (D:3)
  3 orcs (D:3)
4 creatures vanquished.

Grand Total: 83 creatures vanquished

Notes
Turn   | Place    | Note
-------+----------+-------------------------------------------
     0 | D:1      | MisterFreud the Felid Artificer began the quest for the
                  | Orb.
     0 | D:1      | Reached XP level 1. HP: 9/9 MP: 4/4
   285 | D:2      | Reached XP level 2. HP: 3/13 MP: 5/5
  1182 | D:2      | Reached XP level 3. HP: 10/17 MP: 6/6
  2252 | D:2      | Reached XP level 4. HP: 12/22 MP: 7/7
  2624 | D:2      | Noticed Robin
  2626 | D:2      | Killed Robin
  3222 | D:2      | Reached skill level 3 in Dodging
  3293 | D:3      | Noticed Sigmund
  3710 | D:3      | Reached XP level 5. HP: 22/25 MP: 8/8
  3982 | D:3      | Killed Sigmund
  3982 | D:3      | Reached skill level 4 in Dodging
  3982 | D:3      | Gained mutation: You are covered in thick fur. (AC +2)
                  | [Felid growth]
  3982 | D:3      | Reached XP level 6. HP: 28/28 MP: 9/9
  4047 | D:3      | Noticed Ijyb
  4073 | D:3      | Killed Ijyb
  4235 | D:3      | Killed from afar by an orc priest
  4236 | D:3      | Reached XP level 5. HP: -2/25 MP: 8/8
  4557 | D:3      | Reached skill level 5 in Dodging
  4561 | D:3      | Noticed Terence
  4571 | D:3      | Slain by Terence

Levels and vault maps discovered:
D:1:      zaba_arrival_water, layout_rooms, minmay_small_reverse_x
D:2:      layout_loops_ring, uniq_robin
D:3:      layout_basic, grunt_temple_overflow_holy_war, first_ration,
          minmay_quadrilaterals, uniq_terence, uniq_sigmund, uniq_ijyb

Skill      XL: |  1  2  3  4  5  6 |
---------------+-------------------+-----
Fighting       | 2 3 4 |  4.0
Stealth        | 2 4 |  4.1
Dodging        | 3 5 |  5.5
Unarmed Combat | 2 3 |  3.0
Evocations     | |  3.2

Action                   |  1- 3 |  4- 6 || total
-------------------------+-------+-------++-------
Melee: Unarmed           |   149 |   177 ||   326
       Bite              |    14 |    20 ||    34
       Punch             |     1 |     3 ||     4
Evoke: Wand              |     9 |    11 ||    20
  Use: Scroll            |     4 |     4 ||     8
       Potion            |       |     2 ||     2
 Stab: Sleeping          |     1 |     1 ||     2
       Paralysed         |       |     4 ||     4
       Distracted        |       |     1 ||     1
  Eat: Chunk             |    10 |     4 ||    14
Armor: Skin              |    12 |    10 ||    22
Dodge: Dodged            |   131 |   151 ||   282

Table legend:
 A = Non-vault XP
 B = Vault XP
 C = Vault XP percentage of total XP
 D = Non-vault monster count
 E = Vault monster count
 F = Vault count percentage of total count
                 A         B        C        D         E       F
            +---------+---------+-------+---------+---------+-------
      Total |     209 |     378 |  64.4 |      58 |      21 |  26.6
            +---------+---------+-------+---------+---------+-------
        D:1 |      31 |      10 |  24.4 |      19 |       6 |  24.0
        D:2 |      65 |      29 |  30.9 |      22 |       9 |  29.0
        D:3 |     113 |     339 |  75.0 |      17 |       6 |  26.1
            +---------+---------+-------+---------+---------+-------
